 Dungeon Crawl Stone Soup version 0.23-a0-448-g1c01f63178 (webtiles) character file.

38249 Esekla the Fighter (level 14, 0/118 HPs)
             Began as a Gnoll Wanderer on Nov 20, 2018.
             Was the Champion of Okawaru.
             Slain by a salamander
             ... wielding a +0 spear
              (14 damage)
             ... on level 1 of the Snake Pit.
             The game lasted 03:49:59 (14105 turns).

Esekla the Fighter (Gnoll Wanderer)                Turns: 14105, Time: 03:50:00

Health: 0/118      AC: 19    Str: 19    XL:     14   Next: 1%
Magic:  35/35      EV: 28    Int: 17    God:    Okawaru [******]
Gold:   1109       SH: 10    Dex: 18    Spells: 8/30 levels left

rFire    + + .     SeeInvis .   J - +6 hand axe (flame)
rCold    + + .     Gourm    .   O - +2 buckler of Relativism {+Fly rF+ MP+9 Stlth-}
rNeg     . . .     Faith    .   x - +0 acid dragon scales
rPois    +         Spirit   .   o - +0 helmet
rElec    .         Reflect  .   Y - +1 cloak
rCorr    +         Harm     .   t - +2 pair of gloves of Makhleb's Esteem {rPois rF+ rC+}
MR       +....                  l - +0 pair of boots
Stlth    +++++++...             s - amulet of regeneration
HPRegen  0.69/turn              B - ring of stealth
MPRegen  0.24/turn              V - ring of protection from cold

@: agile, lethally poisoned (0 -> -2), heroism, hasted, very quick
A: distributed training, fangs 1, mutation resistance 1, strong nose
a: Heroism, Finesse, Renounce Religion, Evoke Flight


You were on level 1 of the Snake Pit.
You worshipped Okawaru.
Okawaru was exalted by your worship.
You were not hungry.

You visited 5 branches of the dungeon, and saw 18 of its levels.
You also visited: Bailey and Ice Cave.

You collected 1409 gold pieces.
You spent 300 gold pieces at shops.

Inventory:

Hand Weapons
 r - a +5 flail of crushing
 y - a cursed +6 falchion
 D - the +6 arbalest "Damnation" {damnation}
   (You found it on level 9 of the Dungeon)
 J - a +6 hand axe of flaming (weapon)
 K - a +4 trident
 T - a +2 dagger of venom
Missiles
 g - 185 bolts
 p - 5 javelins (quivered)
 z - 11 tomahawks
 P - 54 tomahawks of returning
Armour
 l - a +0 pair of boots (worn)
 o - a +0 helmet (worn)
 t - the +2 pair of gloves of Makhleb's Esteem (worn) {rPois rF+ rC+}
   (You found it on level 5 of the Dungeon)

   It protects you from fire.
   It protects you from cold.
   It protects you from poison.
 x - +0 acid dragon scales (worn)
 O - the +2 buckler of Relativism (worn) {+Fly rF+ MP+9 Stlth-}
   (Okawaru gifted it to you on level 8 of the Dungeon)

   It protects you from fire.
   It affects your magic capacity (+9).
   It lets you fly.
   It makes you less stealthy.
 Y - a +1 cloak (worn)
Jewellery
 s - an amulet of regeneration (around neck)
 B - a ring of stealth (left hand)
 E - an uncursed amulet of the acrobat
 V - a ring of protection from cold (right hand)
Wands
 k - a wand of clouds (6)
 v - a wand of iceblast (29)
 F - a wand of paralysis (3)
 I - a wand of enslavement (25)
 L - a wand of disintegration (43)
 X - a wand of acid (8)
Scrolls
 b - 10 scrolls of teleportation
 c - 2 scrolls of silence
 m - 2 scrolls of noise
 w - a scroll of fog
 A - 2 scrolls of amnesia
 C - a scroll of blinking
 H - a scroll of enchant armour
 S - 2 scrolls of identify
 U - a scroll of magic mapping
 W - 2 scrolls of remove curse
Potions
 d - 2 potions of lignification
 e - a potion of magic
 n - 3 potions of mutation
 q - a potion of invisibility
 u - a potion of brilliance
 Q - a potion of cancellation
Miscellaneous
 i - a sack of spiders
 G - a lightning rod (4/4)
 N - a lightning rod (4/4)
 R - a phantom mirror
Comestibles
 f - 21 rations


   Skills:
 + Level 13.0(18.0) Fighting
 + Level 8.6(13.6) Short Blades
 + Level 9.1(14.1) Long Blades
 + Level 8.6(13.6) Axes
 + Level 8.6(13.6) Maces & Flails
 + Level 8.6(13.6) Polearms
 + Level 8.6(13.6) Staves
 + Level 8.6(13.6) Slings
 + Level 8.6(13.6) Bows
 + Level 8.6(13.6) Crossbows
 + Level 8.6(13.6) Throwing
 + Level 9.1(14.1) Armour
 + Level 9.1(14.1) Dodging
 + Level 9.6(14.6) Stealth
 + Level 8.6(13.6) Shields
 + Level 8.6(13.6) Unarmed Combat
 + Level 8.6 Spellcasting
 + Level 7.2 Conjurations
 + Level 7.2 Hexes
 + Level 7.2 Charms
 + Level 7.2 Summonings
 + Level 7.2 Necromancy
 + Level 7.2 Translocations
 + Level 7.2 Transmutations
 + Level 7.2 Fire Magic
 + Level 7.2 Ice Magic
 + Level 7.2 Air Magic
 + Level 7.2 Earth Magic
 + Level 7.2 Poison Magic
 + Level 9.4 Invocations
 + Level 8.6 Evocations


You had 8 spell levels left.
You knew the following spells:

 Your Spells              Type           Power        Failure   Level  Hunger
a - Magic Dart            Conj           ####         1%          1    None
b - Blink                 Tloc           N/A          1%          2    None
c - Mephitic Cloud        Conj/Pois/Air  ####....     1%          3    #......
d - Dazzling Spray        Conj/Hex       ####..       1%          3    #......
e - Tukima's Dance        Hex            ####....     1%          3    #......
g - Olgreb's Toxic Radia  Pois           ####....     6%          4    ###....
n - Corona                Hex            ####...      1%          1    None
v - Venom Bolt            Conj/Pois      ####......   17%         5    #####..

Your spell library contained the following spells:

 Spells                   Type           Power        Failure   Level  Hunger
 Sting                    Conj/Pois      ####         1%          1    None
 Call Imp                 Summ           ####....     1%          2    None
 Ensorcelled Hibernation  Hex/Ice        ####..       1%          2    None
 Poisonous Vapours        Pois/Air       ####..       1%          2    None
 Slow                     Hex            ####....     1%          2    None
 Confuse                  Hex            ####....     1%          3    #......
 Conjure Flame            Conj/Fire      ####....     1%          3    #......
 Poison Arrow             Conj/Pois      ####......   67%         6    ######.
 Chain Lightning          Conj/Air       ####......   100%        8    #######
 Lehudib's Crystal Spear  Conj/Erth      ####......   100%        8    #######
 Fire Storm               Conj/Fire      ####......   100%        9    #######
 Glaciate                 Conj/Ice       ####......   100%        9    #######


Dungeon Overview and Level Annotations

Branches:
Dungeon (11/15)            Temple (1/1) D:5            Lair (4/6) D:11
  Swamp (1/4) Lair:3        Snake (1/4) Lair:4          Orc (0/2) D:9

Altars:
Ashenzari
Cheibriados
Dithmenos
Elyvilon
Fedhas
Gozag
Hepliaklqana
Kikubaaqudgha
Makhleb
Nemelex Xobeh
Okawaru
Qazlal
Ru
Sif Muna
Trog
Uskayaw
Vehumet
Wu Jian
Xom
Yredelemnul
Zin
The Shining One

Shops:
D:7 *   D:9 :

Annotations:
D:4 1 runed door, ArschAngel's ghost, amateur VSAs
Lair:1 1 runed door, Ocraneast's ghost, journeyman DrEE
Lair:3 1 runed door, Xuas's ghost, journeyman DgWn
Snake:1 2 transporters, Kirke


Innate Abilities, Weirdness & Mutations

Your experience applies equally to all skills.
You have very sharp teeth.
Your uncanny sense of smell can sniff out nearby items.
You are somewhat resistant to further mutation.


Message History

The salamander is lightly wounded.
You hit the salamander.
The salamander is lightly wounded.
You feel sick. You block the salamander's attack.
Okay, then.
You completely miss the salamander.
The salamander is lightly wounded.
You feel sick.
You barely miss the salamander.
The salamander is lightly wounded.
You hit the salamander.
The salamander is moderately wounded.
You feel sick. The salamander barely misses you.
You hit the salamander.
The salamander is moderately wounded.
You barely miss the salamander.
The salamander is moderately wounded.
You feel sick.
The salamander hits you with a +0 spear!
You die...

.... #.... .... #
#... ### ..##...
###..# .......
.....## .......
......# #..N###
......#
#.@†####.......
8##.............
#[S#.............
.SSS#.............
#.#SS#............S
# ####.............
.⌠.............
©...............
..⌠.............


You could see a salamander, a guardian serpent and 2 black mambas.

Vanquished Creatures
  Snorg (Lair:4)
  Erolcha (D:10)
  3 hydras
  3 two-headed ogres
  An anaconda (Snake:1)
  Erica (D:8)
  An alligator (Lair:3)
  5 death yaks (Lair:3)
  Sonja (Lair:1)
  An unseen horror (D:10)
  2 orc knights (Bailey)
  5 ugly things
  A deep elf mage (D:9)
  Maurice (D:9)
  2 ice statues (IceCv)
  4 molten gargoyles
  5 spiny frogs
  6 black mambas
  2 naga magi (Snake:1)
  4 komodo dragons
  A hornet (D:11)
  2 trolls (D:9)
  A tyrant leech (Swamp:1)
  A slime creature (D:9)
  4 blink frogs (Lair:3)
  5 hippogriffs
  A shadow (D:11)
  4 wyverns
  A human (D:7)
  17 yaks
  5 hogs
  2 vampire mosquitoes (Lair:3)
  A basilisk (Lair:1)
  A steam dragon (D:10)
  4 swamp worms (Lair:3)
  4 nagas (Lair:4)
  Edmund (D:4)
  An acid dragon (D:9)
  6 water moccasins
  6 porcupines
  7 orc warriors
  A black bear (D:7)
  9 ice beasts
  A hornet zombie (D:10)
  2 phantoms
  4 sky beasts
  A necrophage (D:10)
  An eye of draining (D:9)
  A wolf (Lair:4)
  7 ogres
  6 centaurs
  6 crocodiles
  A big kobold (D:9)
  16 bullfrogs
  2 scorpions
  4 killer bees
  14 wights
  4 howler monkeys
  2 crimson imps
  A lava snake (D:9)
  A quasit (D:9)
  4 hounds
  2 jellies
  2 orc wizards (D:10)
  2 orc priests
  3 bullfrog skeletons
  2 centaur skeletons
  3 iguanas
  12 worker ants
  A killer bee zombie (D:7)
  A hound zombie (D:5)
  A worker ant zombie (D:8)
  A howler monkey zombie (D:9)
  10 adders
  3 shadow imps
  3 oozes
  4 adder zombies
  4 worms
  3 dart slugs
  8 leopard geckos
  35 orcs
  A ball python (D:7)
  14 bats
  5 giant cockroaches
  10 goblins
  7 hobgoblins
  11 jackals
  22 kobolds
  2 quokkas
  5 frilled lizards
  A jackal skeleton (D:6)
  8 rats
  A spectral orc (D:5)
  A plant (D:11)
401 creatures vanquished.

Vanquished Creatures (collateral kills)
  An oklob plant (D:11)
1 creature vanquished.

Vanquished Creatures (others)
  A black mamba (Snake:1)
  A dart slug (D:3)
  A leopard gecko (D:3)
  An orc (D:10)
  A quokka (D:5)
  2 fungi
  12 plants
19 creatures vanquished.

Grand Total: 421 creatures vanquished

Notes
Turn   | Place    | Note
-------+----------+-------------------------------------------
     0 | D:1      | Reached skill level 10 in Fighting
     0 | D:1      | Esekla the Gnoll Wanderer began the quest for the Orb.
     0 | D:1      | Esekla set off with the following items: a +2 falchion, a
                  | +0 spear, a potion of curing, a +0 robe, a +0 dagger, a
                  | ration
     0 | D:1      | Reached XP level 1. HP: 28/28 MP: 1/1
   229 | D:1      | Reached XP level 2. HP: 33/36 MP: 2/2
   352 | D:1      | Reached XP level 3. HP: 40/42 MP: 3/3
   623 | D:2      | Reached skill level 1 in Invocations
   676 | D:2      | Reached skill level 1 in Short Blades
   676 | D:2      | Reached skill level 1 in Axes
   676 | D:2      | Reached skill level 1 in Maces & Flails
   676 | D:2      | Reached skill level 1 in Polearms
   676 | D:2      | Reached skill level 1 in Staves
   676 | D:2      | Reached skill level 1 in Slings
   676 | D:2      | Reached skill level 1 in Bows
   676 | D:2      | Reached skill level 1 in Crossbows
   676 | D:2      | Reached skill level 1 in Throwing
   676 | D:2      | Reached skill level 1 in Shields
   676 | D:2      | Reached skill level 1 in Unarmed Combat
   676 | D:2      | Reached skill level 1 in Spellcasting
   676 | D:2      | Reached skill level 1 in Evocations
   684 | D:2      | Reached XP level 4. HP: 33/48 MP: 5/5
  1646 | D:2      | Reached skill level 1 in Conjurations
  1646 | D:2      | Reached skill level 1 in Hexes
  1646 | D:2      | Reached skill level 1 in Charms
  1646 | D:2      | Reached skill level 1 in Summonings
  1646 | D:2      | Reached skill level 1 in Necromancy
  1646 | D:2      | Reached skill level 1 in Translocations
  1646 | D:2      | Reached skill level 1 in Transmutations
  1646 | D:2      | Reached skill level 1 in Fire Magic
  1646 | D:2      | Reached skill level 1 in Ice Magic
  1646 | D:2      | Reached skill level 1 in Air Magic
  1646 | D:2      | Reached skill level 1 in Earth Magic
  1646 | D:2      | Reached skill level 1 in Poison Magic
  1646 | D:2      | Reached XP level 5. HP: 47/54 MP: 5/7
  2090 | D:3      | Found a radiant altar of Vehumet.
  2182 | D:3      | Gained mutation: You are somewhat resistant to further
                  | mutation. [potion of mutation]
  2269 | D:3      | Found a sparkling altar of Nemelex Xobeh.
  2525 | D:3      | Found a hazy altar of Hepliaklqana.
  2526 | D:3      | Found a shimmering altar of Xom.
  2527 | D:3      | Noticed a spectral ugly thing
  2684 | D:4      | Found a sacrificial altar of Ru.
  2745 | D:4      | Found a runed door.
  2745 | D:4      | Noticed ArschAngel's ghost (amateur VSAs)
  2758 | D:4      | Noticed Edmund
  2788 | D:4      | Killed Edmund
  2788 | D:4      | Reached XP level 6. HP: 35/61 MP: 8/8
  2841 | D:5      | Entered Level 5 of the Dungeon
  2881 | D:5      | Found a staircase to the Ecumenical Temple.
  2923 | Temple   | Entered the Ecumenical Temple
  3005 | Temple   | Became a worshipper of Warmaster Okawaru
  3040 | D:5      | Noticed a hippogriff
  3059 | D:5      | Killed a hippogriff
  3059 | D:5      | Reached * piety under Okawaru
  3059 | D:5      | Reached XP level 7. HP: 50/67 MP: 10/10
  3075 | D:5      | Found a basalt altar of Yredelemnul.
  3138 | D:5      | Got a pair of ancient gloves
  3149 | D:5      | Identified the +2 pair of gloves of Makhleb's Esteem {rPois
                  | rF+ rC+} (You found it on level 5 of the Dungeon)
  3244 | D:5      | Found a white marble altar of Elyvilon.
  3302 | D:5      | Reached skill level 5 in Stealth
  3410 | D:6      | Found a blossoming altar of Fedhas.
  3502 | D:6      | Reached XP level 8. HP: 74/74 MP: 12/12
  3787 | D:6      | Found a sparkling altar of Nemelex Xobeh.
  4247 | D:7      | Reached ** piety under Okawaru
  4329 | D:7      | Found Zuekamel's General Store.
  4487 | D:7      | Reached skill level 11 in Fighting
  4487 | D:7      | Reached XP level 9. HP: 81/81 MP: 14/14
  4764 | D:7      | Reached *** piety under Okawaru
  4855 | D:7      | Reached skill level 5 in Long Blades
  4855 | D:7      | Reached skill level 5 in Armour
  4855 | D:7      | Reached skill level 5 in Dodging
  4950 | D:8      | Noticed Erica
  4961 | D:8      | Killed Erica
  4961 | D:8      | Received a gift from Okawaru
  4961 | D:8      | Reached **** piety under Okawaru
  4961 | D:8      | Reached skill level 5 in Invocations
  5236 | D:9      | Found a staircase to the Orcish Mines.
  5302 | D:9      | Reached XP level 10. HP: 88/88 MP: 17/17
  5521 | D:9      | Reached skill level 5 in Short Blades
  5521 | D:9      | Reached skill level 5 in Axes
  5521 | D:9      | Reached skill level 5 in Maces & Flails
  5521 | D:9      | Reached skill level 5 in Polearms
  5521 | D:9      | Reached skill level 5 in Staves
  5521 | D:9      | Reached skill level 5 in Slings
  5521 | D:9      | Reached skill level 5 in Bows
  5521 | D:9      | Reached skill level 5 in Crossbows
  5521 | D:9      | Reached skill level 5 in Throwing
  5521 | D:9      | Reached skill level 5 in Shields
  5521 | D:9      | Reached skill level 5 in Unarmed Combat
  5521 | D:9      | Reached skill level 5 in Spellcasting
  5521 | D:9      | Reached skill level 5 in Evocations
  5573 | D:9      | Noticed a green ugly thing
  5590 | D:9      | Killed a green ugly thing
  5637 | D:9      | Found the +6 arbalest "Damnation" {damnation}
  5742 | D:9      | Reached ***** piety under Okawaru
  5820 | D:9      | Received a gift from Okawaru
  5837 | D:9      | Noticed a two-headed ogre
  5849 | D:9      | Killed a two-headed ogre
  6825 | D:7      | Reached XP level 11. HP: 95/95 MP: 19/19
  7000 | D:8      | Noticed a two-headed ogre
  7011 | D:8      | Killed a two-headed ogre
  7011 | D:8      | Received a gift from Okawaru
  7014 | D:8      | Got a smoking buckler {god gift}
  7020 | D:8      | Identified the +2 buckler of Relativism {+Fly rF+ MP+9
                  | Stlth-} (Okawaru gifted it to you on level 8 of the
                  | Dungeon)
  7028 | D:8      | Noticed a green ugly thing
  7105 | D:8      | Killed a green ugly thing
  7237 | D:8      | Found a stormy altar of Qazlal.
  7319 | D:9      | Found an opulent altar of Gozag.
  7326 | D:9      | Found an ornate altar of the Wu Jian Council.
  7359 | D:9      | Found Maixon's Book Shoppe.
  7407 | D:9      | Reached skill level 5 in Conjurations
  7407 | D:9      | Reached skill level 5 in Hexes
  7407 | D:9      | Reached skill level 5 in Charms
  7407 | D:9      | Reached skill level 5 in Summonings
  7407 | D:9      | Reached skill level 5 in Necromancy
  7407 | D:9      | Reached skill level 5 in Translocations
  7407 | D:9      | Reached skill level 5 in Transmutations
  7407 | D:9      | Reached skill level 5 in Fire Magic
  7407 | D:9      | Reached skill level 5 in Ice Magic
  7407 | D:9      | Reached skill level 5 in Air Magic
  7407 | D:9      | Reached skill level 5 in Earth Magic
  7407 | D:9      | Reached skill level 5 in Poison Magic
  7492 | D:9      | Noticed a deep elf mage
  7542 | D:9      | Killed a deep elf mage
  7615 | D:9      | Bought a book of Minor Magic for 300 gold pieces
  7617 | D:9      | Learned a level 1 spell: Magic Dart
  7620 | D:9      | Learned a level 2 spell: Blink
  7624 | D:9      | Learned a level 3 spell: Mephitic Cloud
  7734 | D:9      | Noticed Maurice
  7750 | D:9      | Killed Maurice
  8000 | D:10     | Entered Level 10 of the Dungeon
  8144 | D:9      | Reached skill level 12 in Fighting
  8236 | D:10     | Killed an unseen horror
  8283 | D:10     | Noticed a two-headed ogre
  8287 | D:10     | Found a flagged portal.
  8302 | D:10     | Killed a two-headed ogre
  8348 | Bailey   | Entered a bailey
  8538 | Bailey   | Noticed an orc knight
  8544 | Bailey   | Noticed an orc knight
  8560 | Bailey   | Killed an orc knight
  8560 | Bailey   | Reached XP level 12. HP: 93/102 MP: 22/22
  8961 | D:10     | Received a gift from Okawaru
  8998 | D:10     | Noticed Erolcha
  9012 | D:10     | Killed Erolcha
  9266 | D:11     | Learned a level 4 spell: Olgreb's Toxic Radiance
  9272 | D:11     | Learned a level 5 spell: Venom Bolt
  9501 | D:11     | Received a gift from Okawaru
  9589 | D:11     | Found a staircase to the Lair.
  9755 | Lair:1   | Entered Level 1 of the Lair of Beasts
  9756 | Lair:1   | Found a runed door.
  9757 | Lair:1   | Identified the cursed +1 trident of Tuokaf {flame, +Fly
                  | MP+9}
  9760 | Lair:1   | Noticed a spriggan rider
  9761 | Lair:1   | Noticed Ocraneast's ghost (journeyman DrEE)
 10079 | Lair:1   | Noticed a six-headed hydra
 10107 | Lair:1   | Killed a six-headed hydra
 10107 | Lair:1   | Received a gift from Okawaru
 10142 | Lair:1   | Got a faintly humming chain mail {god gift}
 10153 | Lair:1   | Identified the +1 chain mail "Rati" {+Blink rElec rPois}
                  | (Okawaru gifted it to you on level 1 of the Lair of Beasts)
 10784 | Lair:1   | Noticed Sonja
 10868 | Lair:1   | Killed Sonja
 11273 | Lair:2   | Found a frozen archway.
 11323 | IceCv    | Entered an ice cave
 11324 | IceCv    | Found a transporter.
 11332 | IceCv    | Reached XP level 13. HP: 103/109 MP: 24/24
 11373 | IceCv    | Found a transporter.
 11649 | Lair:2   | Learned a level 3 spell: Tukima's Dance
 11653 | Lair:2   | Learned a level 3 spell: Dazzling Spray
 11655 | Lair:2   | Learned a level 1 spell: Corona
 12324 | Lair:3   | Found a staircase to the Swamp.
 12385 | Lair:3   | Received a gift from Okawaru
 12403 | Lair:3   | Received a gift from Okawaru
 12615 | Lair:3   | Received a gift from Okawaru
 12773 | Lair:3   | Found a runed door.
 12773 | Lair:3   | Noticed Xuas's ghost (journeyman DgWn)
 12774 | Lair:3   | Identified the +9 arbalest "Salo" {elec, *Drain rPois rN+
                  | Str+4}
 12775 | Lair:3   | Identified the cursed +1 trident of the Invisible Spirits
                  | {freeze, rElec MR+}
 12913 | Lair:3   | Reached ****** piety under Okawaru
 12983 | Swamp:1  | Entered Level 1 of the Swamp
 13394 | Lair:4   | Found a staircase to the Snake Pit.
 13473 | Lair:4   | Noticed Snorg
 13510 | Lair:4   | Killed Snorg
 13510 | Lair:4   | Received a gift from Okawaru
 13538 | Lair:4   | Reached skill level 13 in Fighting
 13770 | Snake:1  | Entered Level 1 of the Snake Pit
 13837 | Snake:1  | Found a transporter.
 13863 | Snake:1  | Noticed Kirke
 14080 | Snake:1  | Found a transporter.
 14094 | Snake:1  | Reached XP level 14. HP: 35/118 MP: 26/26
 14105 | Snake:1  | Slain by a salamander

Vault maps used:
D:1:      dpeg_arrival_circle_labyrinth_c
D:2:      minmay_chambers_of_ones
D:3:      regret_index_temple_of_mockery, fiery_altar_vehumet,
          nemelex_diamond_rough_becter
D:4:      lemuel_coloured_pillars_altar, gammafunk_ghost_grave, uniq_edmund,
          uniq_crazy_yiuf_cottage
D:5:      elyvilon_altar_4, yredelemnul_forgotten_temple_becter,
          minmay_temple_entry_slanted, first_ration
D:6:      kennysheep_mini, nemelex_altar_shiori
D:7:      serial_shops, shop, grunt_livestock
D:8:      nicolae_qazlal_eye_of_the_storm, uniq_erica
D:9:      minmay_the_grid_triangle_9x9_rhombus_full,
          amethyst_overflow_temple_binary, orc_0_dummy, serial_shops,
          shop_coins, chequers_serial_rivers_small_3, minivault_8, uniq_maurice
D:10:     enter_bailey_6, uniq_erolcha
D:11:     dpeg_oklobed_lair, dk_vineyard_3, st_stairs_12, kennysheep_path_1
Temple:   nicolae_temple_hex_pool
Lair:1:   ebering_ghost_funeral_grove, uniq_sonja
Lair:2:   portal_ice_cave_entry_pillars_1, nicolae_quartered_pool_little
Lair:3:   palyth_hydra_swamp_entry, ebering_ghost_funeral_grove,
          serial_bayou_pond_a
Lair:4:   regret_index_combs_of_tragedy, minmay_snake_entry_guardpost_small,
          grunt_megastairs_2, uniq_snorg
Swamp:1:  evilmike_swamp_ruin_house_3, swamp_pool4
Snake:1:  gammafunk_the_bubble, nicolae_snake_horde_hoard, uniq_frances,
          uniq_kirke
Bailey:   bailey_axe_1, bailey
IceCv:    ice_cave_statue_garden_transporter

Skill      XL: |  1  2  3  4  5  6  7  8  9 10 11 12 13 |
---------------+----------------------------------------+-----
Fighting       | 11 12 13 | 13.0
Invocations    | 1 2 3 4 5 6 7 8 9 |  9.4
Short Blades   | 1 2 3 4 5 6 7 8 |  8.6
Axes           | 1 2 3 4 5 6 7 8 |  8.6
Maces & Flails | 1 2 3 4 5 6 7 8 |  8.6
Polearms       | 1 2 3 4 5 6 7 8 |  8.6
Staves         | 1 2 3 4 5 6 7 8 |  8.6
Slings         | 1 2 3 4 5 6 7 8 |  8.6
Bows           | 1 2 3 4 5 6 7 8 |  8.6
Crossbows      | 1 2 3 4 5 6 7 8 |  8.6
Throwing       | 1 2 3 4 5 6 7 8 |  8.6
Shields        | 1 2 3 4 5 6 7 8 |  8.6
Unarmed Combat | 1 2 3 4 5 6 7 8 |  8.6
Spellcasting   | 1 2 3 4 5 6 7 8 |  8.6
Evocations     | 1 2 3 4 5 6 7 8 |  8.6
Conjurations   | 1 2 3 4 5 6 7 |  7.2
Hexes          | 1 2 3 4 5 6 7 |  7.2
Charms         | 1 2 3 4 5 6 7 |  7.2
Summonings     | 1 2 3 4 5 6 7 |  7.2
Necromancy     | 1 2 3 4 5 6 7 |  7.2
Translocations | 1 2 3 4 5 6 7 |  7.2
Transmutations | 1 2 3 4 5 6 7 |  7.2
Fire Magic     | 1 2 3 4 5 6 7 |  7.2
Ice Magic      | 1 2 3 4 5 6 7 |  7.2
Air Magic      | 1 2 3 4 5 6 7 |  7.2
Earth Magic    | 1 2 3 4 5 6 7 |  7.2
Poison Magic   | 1 2 3 4 5 6 7 |  7.2
Long Blades    | 3 4 5 6 7 8 9 |  9.1
Armour         | 3 4 5 6 7 8 9 |  9.1
Dodging        | 3 4 5 6 7 8 9 |  9.1
Stealth        | 5 6 7 8 9 |  9.6

Action                   |  1- 3 |  4- 6 |  7- 9 | 10-12 | 13-15 || total
-------------------------+-------+-------+-------+-------+-------++-------
Melee: Falchion          |    72 |   177 |       |       |       ||   249
       Bite              |     5 |    24 |    20 |    78 |    59 ||   186
       Flail             |       |     9 |   204 |   658 |   298 ||  1169
       Punch             |       |     1 |     4 |     3 |       ||     8
       Dagger            |       |       |     3 |    10 |     7 ||    20
       Mace              |       |       |       |       |    33 ||    33
       Hand axe          |       |       |       |       |    35 ||    35
       Unarmed           |       |       |       |       |     5 ||     5
 Fire: Arbalest          |       |       |       |    15 |       ||    15
Throw: Javelin           |       |     3 |     2 |    19 |    12 ||    36
       Tomahawk          |       |       |       |    26 |       ||    26
 Cast: Blink             |       |       |       |     8 |     1 ||     9
       Mephitic Cloud    |       |       |       |     3 |     1 ||     4
       Venom Bolt        |       |       |       |     1 |     5 ||     6
       Corona            |       |       |       |       |     1 ||     1
       Dazzling Spray    |       |       |       |       |     1 ||     1
Invok: Heroism           |       |       |     1 |     5 |     5 ||    11
       Finesse           |       |       |       |     2 |     1 ||     3
 Abil: Evoke Flight      |       |       |       |     1 |       ||     1
Evoke: Phial of floods   |       |       |       |     1 |       ||     1
       Wand              |       |       |       |       |     3 ||     3
       Sack of spiders   |       |       |       |       |     1 ||     1
  Use: Scroll            |       |     9 |     8 |    11 |     7 ||    35
       Potion            |       |     3 |     3 |     5 |     7 ||    18
 Stab: Sleeping          |     2 |     4 |     4 |    11 |     7 ||    28
       Confused          |       |       |       |     1 |     2 ||     3
       Distracted        |       |       |       |       |     1 ||     1
  Eat: Ration            |       |     2 |     3 |     6 |     3 ||    14
Armor: Ring mail         |    37 |    88 |    89 |    23 |       ||   237
       Acid dragon scale |       |       |       |   149 |   102 ||   251
       Steam dragon scal |       |       |       |    20 |       ||    20
       Skin              |       |       |       |    11 |       ||    11
Dodge: Dodged            |    60 |   111 |   133 |   377 |   280 ||   961
Block: Buckler           |       |       |       |   143 |   157 ||   300
       Rpst.: Falchion   |    19 |    28 |       |       |       ||    47

Table legend:
 A = Non-vault XP
 B = Vault XP
 C = Vault XP percentage of total XP
 D = Non-vault monster count
 E = Vault monster count
 F = Vault count percentage of total count
                 A         B        C        D         E       F
            +---------+---------+-------+---------+---------+-------
      Total |   36157 |   18485 |  33.8 |     301 |     102 |  25.3
            +---------+---------+-------+---------+---------+-------
        D:1 |      49 |       0 |   0.0 |      21 |       0 |   0.0
        D:2 |     154 |       8 |   4.9 |      34 |       5 |  12.8
        D:3 |      49 |       0 |   0.0 |      16 |       0 |   0.0
        D:4 |      18 |     169 |  90.4 |       6 |       1 |  14.3
        D:5 |     641 |       1 |   0.2 |      15 |       1 |   6.2
        D:6 |     454 |     202 |  30.8 |      14 |       1 |   6.7
        D:7 |    1196 |     792 |  39.8 |      27 |       4 |  12.9
        D:8 |    2596 |    2176 |  45.6 |      21 |       4 |  16.0
        D:9 |    3185 |    3607 |  53.1 |      23 |      24 |  51.1
       D:10 |    3331 |     839 |  20.1 |      33 |       1 |   2.9
       D:11 |    3023 |     310 |   9.3 |      18 |       1 |   5.3
     Lair:1 |    4705 |     802 |  14.6 |      19 |       1 |   5.0
     Lair:2 |    2433 |       0 |   0.0 |      12 |       0 |   0.0
     Lair:3 |    9415 |    3070 |  24.6 |      29 |       8 |  21.6
     Lair:4 |    1421 |    2388 |  62.7 |       5 |       8 |  61.5
    Swamp:1 |     269 |       0 |   0.0 |       1 |       0 |   0.0
    Snake:1 |    3218 |     189 |   5.5 |       7 |       1 |  12.5
     Bailey |       0 |    1578 | 100.0 |       0 |      32 | 100.0
      IceCv |       0 |    2354 | 100.0 |       0 |      10 | 100.0
            +---------+---------+-------+---------+---------+-------
